 Dungeon Sprint DCSS version 0.16.0 (webtiles) character file.

512 JaMaZz the Geomancer (level 6, -1/52 HPs)
             Began as a Centaur Earth Elementalist on Mar 14, 2015.
             Slain by a merfolk
             ... wielding a +0 trident
              (7 damage)
             ... in the Dungeon (Sprint V: "Ziggurat Sprint").
             The game lasted 00:12:38 (403 turns).

JaMaZz the Geomancer (Centaur Earth Elementalist)    Turns: 403, Time: 00:12:38

Health: -1/52      AC: 18    Str: 25    XL:     6   Next: 99%
Magic:  14/14      EV:  3    Int: 14    God:
Gold:   0          SH:  2    Dex: 11    Spells: 2 memorised, 10 levels left

rFire  . . .     SeeInvis .     L - +5 longbow
rCold  + . .     Clarity  .     N - +5 crystal plate armour
rNeg   + . .     SustAb   .     (no shield)
rPois  +         Gourm    .     (no helmet)
rElec  .         Spirit   .     (no cloak)
rCorr  .         Warding  +     (no gloves)
rMut   .         NoTele   +     (no barding)
MR     .....                    T - amulet of Zaptiwke {Ward rPois rN+ Str+7 Dex-5}
Stlth  ..........               y - +6 ring of dexterity
                                E - +6 ring of strength

@: very quick, not resistant to hostile enchantments, extremely unstealthy
A: hooves 3, large bone plates 1, blurry vision 1, cold resistance 1, deformed
body, deterioration 1, speed 2, tough skin 3
a: no special abilities


You were in the Dungeon.
You were not hungry.

You visited 1 branch

Inventory:

Hand weapons
 o - a +0 shortbow of freezing
 L - a +5 longbow (weapon)
 S - the +8 lance "Wyrmbane" {slay drac, +Rage rPois rF+ AC+5}
   (You found it in the Dungeon)

   It affects your AC (+5).
   It protects you from fire.
   It protects you from poison.
   It lets you go berserk.
Missiles
 b - 20 stones
 M - 995 arrows (quivered)
Armour
 c - a +0 robe
 N - a +5 crystal plate armour (worn)
 R - the +18 shield of the gong {rElec rN+ MR+ EV-5}
   (You found it in the Dungeon)

   It affects your evasion (-5).
   It insulates you from electricity.
   It protects you from negative energy.
   It affects your resistance to hostile enchantments.
Magical staves
 O - an uncursed staff of energy
Jewellery
 y - a +6 ring of dexterity (right hand)
 B - a +6 ring of dexterity
 C - a +6 ring of intelligence
 D - a +6 ring of intelligence
 E - a +6 ring of strength (left hand)
 F - a +6 ring of strength
 Q - an uncursed ring of flight
 T - the amulet of Zaptiwke (around neck) {Ward rPois rN+ Str+7 Dex-5}
   (You found it in the Dungeon)

   [amulet of warding]

   It may prevent the melee attacks of summoned creatures.
   It affects your strength (+7).
   It affects your dexterity (-5).
   It protects you from poison.
   It protects you from negative energy.
Magical devices
 G - a wand of disintegration (7)
 H - a wand of fire (5)
 I - a wand of cold (5)
 J - a wand of draining (5)
Scrolls
 j - 4 scrolls of blinking
 r - 4 scrolls of amnesia
 s - 3 scrolls of recharging
 t - 7 scrolls of fog
 u - a scroll of holy word
 v - 5 scrolls of identify
 w - 5 scrolls of remove curse
 x - 2 scrolls of fear
Potions
 e - 10 potions of curing
 f - 8 potions of heal wounds
 g - 6 potions of haste
 h - 7 potions of magic
 i - 3 potions of berserk rage
 k - 2 potions of brilliance
 l - 2 potions of invisibility
 m - 2 potions of restore abilities
 n - 4 potions of resistance
 p - 5 potions of agility
 q - 5 potions of might
Books
 d - a book of Geomancy

   Spells                             Type                      Level
   a - Sandblast                      Earth                        1
   b - Stoneskin                      Transmutation/Earth          2
   c - Passwall                       Transmutation/Earth          3
   d - Stone Arrow                    Conjuration/Earth            3
   e - Petrify                        Transmutation/Earth          4
   f - Lee's Rapid Deconstruction     Earth                        5
Miscellaneous
 K - a disc of storms
 P - a crystal ball of energy
 U - a plain deck of summoning
Comestibles
 a - 5 bread rations
 z - 42 fruits
 A - 4 meat rations


   Skills:
 + Level 3.8 Fighting
 + Level 2.0 Polearms
 + Level 5.4 Bows
 + Level 3.0 Throwing
 + Level 3.0 Armour
 + Level 3.9 Dodging
 + Level 3.9 Stealth
 + Level 1.4 Shields
 + Level 4.3 Spellcasting
 + Level 1.4 Transmutations
 + Level 8.5 Earth Magic
 + Level 2.0 Evocations


You had 10 spell levels left.
You knew the following spells:

 Your Spells              Type           Power        Failure   Level  Hunger
a - Sandblast             Erth           ####..       58%         1    None
b - Stoneskin             Trmt/Erth      ###.....     100%        2    ##.....


Dungeon Overview and Level Annotations

Branches:
Dungeon (1/1)

Altars:
Ashenzari
Cheibriados
Dithmenos
Elyvilon
Fedhas
Gozag
Kikubaaqudgha
Makhleb
Nemelex Xobeh
Okawaru
Qazlal
Ru
Sif Muna
Trog
Vehumet
Xom
Yredelemnul
Zin
The Shining One
Beogh
Jiyva
Lugonu


Innate Abilities, Weirdness & Mutations

You have hooves in place of feet.
Armour fits poorly on your strangely shaped body.
You cover ground very quickly.
You have extremely tough skin (AC +3).
You are partially covered in large bone plates (AC +2, SH +2).
Scrolls take you a little longer to read.
Your flesh is cold resistant.
Your body is slowly deteriorating.


Message History

The merfolk is moderately wounded.
The merfolk barely misses you.
The merfolk hits you but does no damage.
The merfolk hits you from afar with a trident.
The merfolk hits you but does no damage.
Firing (i - inventory. (,) - cycle):
M - 997 arrows (quivered)
Press: ? - help, Shift-Dir - straight line, f/p - merfolk
Aim: a merfolk, wielding a trident (moderately wounded)
You shoot an arrow. The arrow barely misses the merfolk.
The merfolk hits you from afar with a trident!
* * * LOW HITPOINT WARNING * * *
The merfolk hits you but does no damage. x4
Firing (i - inventory. (,) - cycle):
M - 996 arrows (quivered)
Press: ? - help, Shift-Dir - straight line, f/p - merfolk
Aim: a merfolk, wielding a trident (moderately wounded)
You shoot an arrow. The arrow hits the merfolk!
The merfolk is heavily wounded.
The merfolk hits you but does no damage.
The merfolk hits you from afar with a trident!
You die...

▓▓▓▓▓▓▓▓▓▓▓▓▓▓▓▓▓▓▓
▓.8©8.▓.8©8.▓.8©8.▓
▓.[)".▓.)...▓.....▓
▓(.}..▓.....▓...).▓
▓..m..▓.....▓.....▓
▓.mmm.▓.....▓.....▓
▓.....▓...÷.▓.....▓
▓..@..▓.....▓▓▓▓▓▓▓
▓▓▓▓▓▓▓▓▓▓▓▓▓


You could see 4 merfolk.

Vanquished Creatures
  An ugly thing (D)
  A water moccasin (shapeshifter) (D)
  A sheep (shapeshifter) (D)
  A shadow imp (D)
  A bat zombie (D)
5 creatures vanquished.

Vanquished Creatures (others)
  A spatial maelstrom (D)
1 creature vanquished.

Grand Total: 6 creatures vanquished

Notes
Turn   | Place    | Note
--------------------------------------------------------------
     0 | D        | JaMaZz, the Centaur Earth Elementalist, began the quest for the Orb.
     0 | D        | Reached XP level 1. HP: 14/14 MP: 2/2
     0 | D        | Found a corrupted altar of Lugonu.
     0 | D        | Found a basalt altar of Yredelemnul.
     0 | D        | Found an iron altar of Okawaru.
     0 | D        | Found a burning altar of Makhleb.
     0 | D        | Found a radiant altar of Vehumet.
     1 | D        | Found a viscous altar of Jiyva.
     1 | D        | Found a white marble altar of Elyvilon.
     3 | D        | Found a sparkling altar of Nemelex Xobeh.
     3 | D        | Found a deep blue altar of Sif Muna.
     4 | D        | Banished a spatial maelstrom
     7 | D        | Found a bloodstained altar of Trog.
    30 | D        | Found a shimmering altar of Xom.
    95 | D        | Reached skill level 3 in Bows
    95 | D        | Reached skill level 1 in Armour
    95 | D        | Reached skill level 1 in Shields
    95 | D        | Reached XP level 2. HP: 19/24 MP: 2/4
    99 | D        | Learned a level 2 spell: Stoneskin
   145 | D        | Entered arena 1.
   168 | D        | Entered arena 2.
   168 | D        | Noticed a wolf
   168 | D        | Noticed a water moccasin
   168 | D        | Noticed a purple ugly thing
   171 | D        | a wolf changed into a sheep
   171 | D        | HP: 1/24 [purple ugly thing (9)]
   175 | D        | Reached skill level 1 in Transmutations
   175 | D        | Reached skill level 4 in Earth Magic
   175 | D        | Reached XP level 3. HP: 21/29 MP: 6/6
   184 | D        | Killed a water moccasin
   184 | D        | Reached skill level 6 in Earth Magic
   184 | D        | Reached XP level 4. HP: 28/37 MP: 6/8
   184 | D        | Reached XP level 5. HP: 31/42 MP: 7/10
   194 | D        | Killed a purple ugly thing
   194 | D        | Reached skill level 5 in Bows
   194 | D        | Reached skill level 8 in Earth Magic
   194 | D        | Reached XP level 6. HP: 19/52 MP: 9/14
   195 | D        | Gained mutation: Scrolls take you a little longer to read. [mutagenic meat]
   199 | D        | Gained mutation: You are partially covered in large bone plates (AC +2, SH +2). [mutagenic meat]
   200 | D        | Gained mutation: Your body is slowly deteriorating. [mutagenic meat]
   201 | D        | Gained mutation: Your flesh is cold resistant. [mutagenic meat]
   218 | D        | Got the amulet of Zaptiwke {Ward rPois rN+ Str+7 Dex-5}
   394 | D        | Entered arena 3.
   394 | D        | Noticed a merfolk
   394 | D        | Noticed a merfolk
   394 | D        | Noticed a merfolk
   394 | D        | Noticed a merfolk
   403 | D        | Slain by a merfolk

Action                   |  1- 3 |  4- 6 || total
-------------------------+-------+-------++-------
Melee: Lance             |    10 |     7 ||    17
 Fire: Longbow           |     8 |     4 ||    12
  Use: Potion            |     3 |       ||     3
  Eat: Chunk             |       |     4 ||     4
